cohdb
Replays
Latest Replays
All Replays
Popular Replays
Top Player Replays
Match Explorer
How It Works
Community
CoH3 Stats
Reddit
Sign in to upload your games and track your stats! →
Sign in with Steam
Match 32315458
Unlisted
Match 32315458
Overview
Messages
Build Orders
End
Construct Infanterie Kompanie
MG 42 Machine Gun Team
Grenadier Squad
Grenadier Squad
Construct Panzergrenadier Kompanie
Selects Mechanized Battlegroup
Panzergrenadier Squad
Panzergrenadier Officer Quarters
Pak 40 Anti-tank Gun Team
Panzergrenadier Squad
Construct Panzer Kompanie
Selects Raid Package
Selects StuG Assault Group
MG 42 Machine Gun Team
Medical Station
SKT
阿峰
...
骑着小坤看星星
Profess0r_L
torbjornuser
카츄사
PubStormer
0
0
Comments
sign in to comment!
No comments posted yet!